 Dungeon Crawl Stone Soup version 0.30-a0-1112-gfb780f5df6 (webtiles) character file.

Game seed: 2291089917752030154

25 Dirtsage the Chopper (level 2, -12/24 HPs)
             Began as a Demonspawn Berserker on Apr 19, 2023.
             Was a Follower of Trog.
             Mangled by an orc
             ... wielding a +1 dagger of electrocution
              (17 damage)
             ... on level 2 of the Dungeon.
             The game lasted 00:01:01 (720 turns).

Dirtsage the Chopper (Demonspawn Berserker)          Turns: 720, Time: 00:01:02

Health: -12/24     AC:  6    Str: 17    XL:     2   Next: 82%
Magic:  2/2        EV: 10    Int:  8    God:    Trog [*.....]
Gold:   58         SH:  0    Dex: 12    Spells: 1/1 levels left

rFire   . . .      SeeInvis .    a - +0 hand axe
rCold   . . .      Faith    .    (no shield)
rNeg    . . .      Spirit   .    g - +0 scale mail
rPois   .          Reflect  .    (no helmet)
rElec   .          Rampage  .    (no cloak)
rCorr   .                        (no gloves)
Will    .....                    (no boots) Stlth
                                 (no amulet)
HPRegen 0.24/turn                (no ring)
MPRegen 0.08/turn                (no ring)

@: mighty
A: powered by pain 1
a: Renounce Religion, Berserk


You were on level 2 of the Dungeon.
You worshipped Trog.
Trog was aware of your devotion.
You visited 1 branch of the dungeon, and saw 2 of its levels.

You collected 58 gold pieces.

Inventory:

Hand Weapons
 a - a +0 hand axe (weapon)
Armour
 b - a +0 animal skin
 g - a +0 scale mail (worn)
Scrolls
 c - a scroll of amnesia {unknown}
 d - a scroll of silence {unknown}
 e - a scroll of identify {unknown}
Potions
 f - a potion of invisibility {unknown}
 h - a potion of heal wounds {unknown}


   Skills:
 - Level 3.0 Fighting
 + Level 3.7 Axes
 - Level 1.7 Armour
 - Level 1.7 Dodging


You had one spell level left.
You didn't know any spells.
Your spell library contained the following spells:

 Spells                   Type           Power      Damage    Failure   Level
 Scorch                   Fire           0%         2d5       92%         2
 Flame Wave               Conj/Fire      0%         2d4       100%        4
 Leda's Liquefaction      Hex/Erth       0%         N/A       100%        4
 Lee's Rapid Deconstruct  Erth           0%         3d4*      100%        5
 Statue Form              Tmut/Erth      0%         N/A       100%        6
 Summon Cactus Giant      Summ           0%         N/A       100%        6


Dungeon Overview and Level Annotations

Branches:
Dungeon (2/15)

Altars:


Innate Abilities, Weirdness & Mutations

You sometimes gain a little power by taking damage.


Message History

You hit the endoplasm.
The endoplasm is heavily wounded.
The endoplasm hits you but does no damage.
You slash the endoplasm!
You kill the endoplasm!
Trog accepts your kill.
You hit the orc.
The orc is heavily wounded.
You closely miss the orc.
The orc is heavily wounded.
The orc barely misses you.
You hit the orc.
The orc is almost dead.
You hit the orc.
The orc hits you with a +1 dagger of electrocution.
The orc closely misses you.
An orc priest comes into view. It is wielding a +0 hand axe.
The orc closely misses you. The orc barely misses you.
You take 2 damage, and have 22/24 hp.
You hit the orc.
You kill the orc!
Trog accepts your kill.
You closely miss the orc.
The orc priest invokes the aid of Beogh against you.
Beogh smites you!
Ouch! That really hurt!
You focus on the pain.
You feel very mighty all of a sudden.
An orc comes into view. It is wielding a +0 hand axe.
The orc hits you with a +1 dagger of electrocution.
* * * LOW HITPOINT WARNING * * *
You take 15 damage, and have 7/24 hp.
MASSIVE DAMAGE!!
You are too injured to fight recklessly!
You are too injured to fight recklessly!
The orc attacks as you move away!
The orc hits you with a +1 dagger of electrocution.
* * * LOW HITPOINT WARNING * * *
You are electrocuted!
Ouch! That really hurt!
You die...

#.# .# #
#.##.# #.
#.#..# #..
####<.†#
#.####....###
#...##.#..#
#....#[##
#?(###.#
#@..##.#
#o)#...).#
..$##.....#
?..## #.....#
#...# #.....#
#..o ..#####
#.o ...# #.
+#..


You could see an orc priest and 2 orcs.

Vanquished Creatures
  A dart slug (D:1)
  An orc (D:2)
  5 ball pythons
  An endoplasm (D:2)
  A goblin (D:2)
  2 hobgoblins (D:1)
  A quokka (D:2)
  3 bats (D:1)
  3 frilled lizards
  A kobold (D:2)
  2 rats (D:1)
21 creatures vanquished.

Notes
Turn   | Place    | Note
-------+----------+-------------------------------------------
     0 | D:1      | Dirtsage the Demonspawn Berserker began the quest for the
                  | Orb.
     0 | D:1      | Reached XP level 1. HP: 18/18 MP: 1/1
   213 | D:1      | Gained mutation: You sometimes gain a little power by
                  | taking damage. [demonic ancestry]
   213 | D:1      | Reached XP level 2. HP: 21/24 MP: 2/2
   720 | D:2      | Mangled by an orc

Illustrated notes

Levels and vault maps discovered:
D:1:      dpeg_arrival_houses_and_road, layout_loops_ring,
          nicolae_figureground_sparkle
D:2:      layout_rooms, serial_shops, shop, nicolae_diamond_shop,
          nicolae_shop_real_fake_doors, uniq_crazy_yiuf_cottage, uniq_jessica,
          uniq_terence, uniq_sigmund

Skill      XL: |  1 |
---------------+----+-----
Axes           | 3 |  3.7
Fighting       | |  3.0
Armour         | |  1.7
Dodging        | |  1.7

Action                     || total
---------------------------++-------
  Melee: Hand axe          ||    57
 Armour: Animal skin       ||     9
         Scale mail        ||     4
  Dodge: Dodged            ||    41

Table legend: (Time is in decaauts)
 A = Elapsed time spent in this place.
 B = Non-inter-level travel time spent in this place.
 C = Inter-level travel time spent in this place.
 D = Time resting spent in this place.
 E = Time spent auto-exploring this place.
 F = Levels seen in this place.
 G = Mean time per level.
                   A        B        C        D        E       F      G
               +--------+--------+--------+--------+--------+-----+--------+
         Total |    728 |    728 |      0 |      0 |    584 |   2 |  364.0 |
       Dungeon |    728 |    728 |      0 |      0 |    584 |   2 |  364.0 |
               +--------+--------+--------+--------+--------+-----+--------+

Top non-repeatable levels by time:
     D:1: 692 daAuts
     D:2: 35 daAuts
